 Dungeon Crawl Stone Soup version 0.31-a0-222-gefeffbb62a (webtiles) character file.

Game seed: 11504454019667492094

1194 qw the Skirmisher (level 8, -3/48 HPs)
             Began as a Gargoyle Hexslinger on July 5, 2023.
             Slain by a gnoll sergeant
             ... wielding a +0 trident
              (5 damage)
             ... on level 5 of the Dungeon.
             The game lasted 00:02:05 (3841 turns).

qw the Skirmisher (Gargoyle Hexslinger)             Turns: 3841, Time: 00:02:06

Health: -3/48      AC: 12    Str: 11    XL:     8   Next: 43%
Magic:  9/9        EV: 12    Int: 15    God:
Gold:   180        SH:  0    Dex: 14    Spells: 8/9 levels left

rFire   . . .        Y - +1 sling
rCold   + . .        (no shield)
rNeg    + . .        c - +2 animal skin
rPois   inf          e - +0 helmet
rElec   +            b - +0 cloak
rCorr   .            d - +0 pair of gloves
SInv    .            (no boots)
Will    .....        (no amulet)
Stlth   +            m - ring of protection from cold
HPRegen 0.28/turn    (no ring)
MPRegen 0.11/turn

%: no passive effects
@: no status effects
A: sickness immunity, AC +5, negative energy resistance 1, electricity
resistance, torment resistance 1, petrification resistance
a: no special abilities


You were on level 5 of the Dungeon.
You visited 1 branch of the dungeon, and saw 5 of its levels.

You collected 180 gold pieces.


Innate Abilities, Weirdness & Mutations

You are immune to sickness and miasma.
Your stone body is resilient. (AC +5)
You are immune to poison.
You resist negative energy. (rN+)
You are resistant to electric shocks. (rElec)
You are resistant to unholy torment.
You are immune to petrification.


   Skills:
 - Level 4.5 Fighting
 - Level 9.1 Ranged Weapons
 - Level 1.0 Armour
 + Level 1.5 Dodging
 - Level 1.0 Spellcasting
 - Level 2.6 Hexes


You had 8 spell levels left.
You knew the following spells:

 Your Spells              Type           Power      Damage    Failure   Level
a - Slow                  Hex            32%        N/A       9%          1

Your spell library contained the following spells:

 Spells                   Type           Power      Damage    Failure   Level
 Inner Flame              Hex/Fire       4%         N/A       38%         3
 Portal Projectile        Hex/Tloc       8%         N/A       38%         3
 Cause Fear               Hex            4%         N/A       63%         4

Inventory:

Hand Weapons
 Y - a +1 sling (weapon)
Armour
 b - a +0 cloak (worn)
 c - a +2 animal skin (worn)
 d - a +0 pair of gloves (worn)
 e - a +0 helmet (worn)
Jewellery
 m - a ring of protection from cold (left hand)
Scrolls
 a - a scroll of identify
Potions
 h - a potion of enlightenment {unknown}
 j - a potion of curing {unknown}
 l - a potion of cancellation {unknown}

Dungeon Overview and Level Annotations

Branches:
Dungeon (5/15)
 Temple: D:4-7

Altars:
Dithmenos
Fedhas
Hepliaklqana
Ru
Vehumet


Message History

3834 ||| READING scroll of teleportation.
As you read the scroll of teleportation, it crumbles to dust.
You feel strangely unstable. Pikel misses you.
You shoot a sling bullet. The sling bullet closely misses Pikel.
Pikel barely misses you.
You shoot a sling bullet. The sling bullet hits Pikel.
Pikel is almost dead.
Pikel hits you with a +2 whip of freezing.
Pikel freezes you.
You shoot a sling bullet. The sling bullet hits Pikel.
You kill Pikel!
With Pikel's spell broken, his former minions thank you for their freedom.
The lemure departs this earthly plane. x3
Your surroundings suddenly seem different.
A gnoll sergeant and 3 gnolls come into view.
The gnoll sergeant shouts!
You hear a shout!
The gnoll shouts!
You hear a shout! x2
Your Ranged Weapons skill gained 2 levels and is now at level 9!
You have reached level 8!
You feel clever.
Enter note:
Enter note: You shoot a sling bullet.
The sling bullet completely misses the gnoll sergeant.
The sling bullet hits the gnoll!
The gnoll is severely wounded.
You hear a shout!
The gnoll sergeant closely misses you.
A hound comes into view.
You hear a shout! x2
3839 ||| Stepping ~*~*~tactically~*~*~ (outnumbered).
Enter note:
Enter note: You shoot a sling bullet.
The sling bullet closely misses the hound.
The hound bites you but does no damage. The hound misses you.
You shoot a sling bullet.
The sling bullet hits the gnoll sergeant.
The gnoll sergeant is lightly wounded.
The gnoll sergeant hits you with a +0 trident.
You die... # .## ### #gg

..# #g#
#h###g####.
#@#.......
##g..# ###
#..........
#.#######.#
...
#.####.#.
##...#
#.)¤¤¤5..
#.......#
#.#
#.###...#
#.# #.#
#...# #.#


You could see a gnoll sergeant and a hound.

Vanquished Creatures
  Pikel (D:5)
  Sigmund (D:3)
  An ogre (D:4)
  2 phantoms
  A scorpion (D:5)
  A hound (D:4)
  3 iguanas
  Robin (D:3)
  3 adders
  3 gnolls (D:4)
  A shadow imp (D:5)
  4 worms
  3 dart slugs
  5 orcs
  6 ball pythons
  4 bats
  5 endoplasms
  4 giant cockroaches
  8 goblins
  11 hobgoblins
  10 kobolds
  A quokka (D:4)
  5 frilled lizards
  7 rats
91 creatures vanquished.

Notes
Turn   | Place    | Note
-------+----------+-------------------------------------------
     0 | D:1      | qw the Gargoyle Hexslinger began the quest for the Orb.
     0 | D:1      | Reached XP level 1. HP: 12/12 MP: 2/2
     0 | D:1      | 0 ||| qw: Version: 0.3-a-46-gb1f654a
     0 | D:1      | 0 ||| qw: Game counter: 1008
     0 | D:1      | 0 ||| qw: Melee chars always use a shield: true
     0 | D:1      | 0 ||| qw: God list: Okawaru
     0 | D:1      | 0 ||| qw: Allow faded altars: false
     0 | D:1      | 0 ||| qw: Do Orc after clearing Dungeon:15 true
     0 | D:1      | 0 ||| qw: Do second Lair branch before Depths: true
     0 | D:1      | 0 ||| qw: Lair rune preference: random
     0 | D:1      | 0 ||| qw: Goals: Normal
     0 | D:1      | 0 ||| PLANNING D:1-11
    24 | D:1      | You fall into a shaft and drop 1 floor!
    33 | D:2      | 33 ||| DROPPING scroll of poison.
    34 | D:2      | 34 ||| FLEEEEING.
    35 | D:2      | 35 ||| FLEEEEING.
    38 | D:2      | 38 ||| FLEEEEING.
    39 | D:2      | 39 ||| FLEEEEING.
    40 | D:2      | 40 ||| FLEEEEING.
    41 | D:2      | 41 ||| STAIRDANCE
   118 | D:1      | Reached XP level 2. HP: 16/16 MP: 3/3
   133 | D:1      | 133 ||| FLEEEEING.
   134 | D:1      | 134 ||| FLEEEEING.
   135 | D:1      | 135 ||| FLEEEEING.
   136 | D:1      | 136 ||| FLEEEEING.
   292 | D:1      | Reached skill level 3 in Ranged Weapons
   676 | D:1      | 676 ||| UPGRADING to +0 cloak.
   681 | D:1      | 681 ||| UPGRADING to +0 ring mail.
   691 | D:1      | 691 ||| DROPPING +0 robe.
   692 | D:1      | 692 ||| READING 2 scrolls labelled NIOXADY ME GIS.
   693 | D:1      | 693 ||| READING scroll labelled YTONOO XOLLIPT.
   694 | D:1      | 694 ||| READING scroll labelled ISAOGO GER.
   795 | D:1      | 795 ||| READING 2 scrolls labelled OSIWIURUATU.
   800 | D:1      | 800 ||| READING scroll labelled HOEFFIGOER.
   801 | D:1      | 801 ||| DROPPING scroll of fog.
   849 | D:2      | Reached XP level 3. HP: 21/21 MP: 4/4
  1010 | D:2      | Reached skill level 1 in Armour
  1451 | D:2      | Reached XP level 4. HP: 26/26 MP: 5/5
  1658 | D:2      | 1658 ||| UPGRADING to +0 pair of gloves.
  1663 | D:2      | 1663 ||| READING 2 scrolls of identify.
  1663 | D:2      | 1663 ||| IDENTIFYING fuming inky potion
  1664 | D:2      | 1664 ||| DROPPING potion of attraction.
  1749 | D:3      | Found a blossoming altar of Fedhas.
  1885 | D:3      | Noticed Robin
  1893 | D:3      | Killed Robin
  1894 | D:3      | Reached skill level 4 in Ranged Weapons
  2024 | D:3      | Found a hazy altar of Hepliaklqana.
  2024 | D:3      | Found a sacrificial altar of Ru.
  2025 | D:3      | Found a radiant altar of Vehumet.
  2083 | D:3      | Found a shadowy altar of Dithmenos.
  2160 | D:3      | Noticed a phantom
  2177 | D:3      | Killed a phantom
  2178 | D:3      | Reached skill level 5 in Ranged Weapons
  2178 | D:3      | Reached XP level 5. HP: 17/30 MP: 6/6
  2264 | D:3      | 2264 ||| FLEEEEING.
  2265 | D:3      | 2265 ||| FLEEEEING.
  2266 | D:3      | 2266 ||| FLEEEEING.
  2267 | D:3      | 2267 ||| FLEEEEING.
  2268 | D:3      | 2268 ||| FLEEEEING.
  2270 | D:3      | 2270 ||| FLEEEEING.
  2272 | D:3      | 2272 ||| STAIRDANCE
  2311 | D:2      | 2311 ||| UPGRADING to +2 animal skin.
  2321 | D:2      | 2321 ||| UPGRADING to +0 helmet.
  2326 | D:2      | 2326 ||| DROPPING +0 ring mail.
  2327 | D:2      | 2327 ||| READING scroll labelled MEMMUDUUNO.
  2439 | D:3      | Noticed Sigmund
  2471 | D:3      | Killed Sigmund
  2472 | D:3      | Reached XP level 6. HP: 21/39 MP: 7/7
  2735 | D:4      | Reached XP level 7. HP: 44/44 MP: 8/8
  2813 | D:4      | Reached skill level 6 in Ranged Weapons
  3078 | D:4      | HP: 10/44 [iguana (7)]
  3079 | D:4      | 3079 ||| READING 2 scrolls of teleportation.
  3551 | D:4      | 3551 ||| DROPPING amulet of magic regeneration.
  3552 | D:4      | 3552 ||| UPGRADING to ring of protection from cold.
  3553 | D:4      | 3553 ||| READING scroll labelled IXZOCA REQU.
  3554 | D:4      | 3554 ||| READING 2 scrolls of identify.
  3554 | D:4      | 3554 ||| IDENTIFYING brown potion
  3555 | D:4      | 3555 ||| DROPPING potion of lignification.
  3577 | D:5      | Entered Level 5 of the Dungeon
  3604 | D:5      | Reached skill level 7 in Ranged Weapons
  3789 | D:5      | Noticed Pikel
  3833 | D:5      | HP: 8/44 [Pikel/+2 whip of freezing (5)]
  3834 | D:5      | 3834 ||| READING scroll of teleportation.
  3836 | D:5      | HP: 2/44 [Pikel/+2 whip of freezing (6)]
  3837 | D:5      | Killed Pikel
  3838 | D:5      | Reached skill level 9 in Ranged Weapons
  3838 | D:5      | Reached XP level 8. HP: 1/48 MP: 9/9
  3839 | D:5      | 3839 ||| Stepping ~*~*~tactically~*~*~ (outnumbered).
  3841 | D:5      | Slain by a gnoll sergeant

Levels and vault maps discovered:
D:1:      minmay_arrival_five_plusses, layout_basic
D:2:      layout_basic, minmay_tree_intersection, hex_large
D:3:      layout_loops_cross, fedhas_altar_2,
          gammafunk_temple_overflow_forgotten, nicolae_dithmenos_the_darkroom,
          uniq_robin, uniq_sigmund
D:4:      layout_cave_pools
D:5:      layout_loops_ring, uniq_pikel, uniq_eustachio, uniq_menkaure

Skill      XL: |  1  2  3  4  5  6  7 |
---------------+----------------------+-----
Ranged Weapons | 3 5 9 |  9.1
Fighting       | 2 4 |  4.5
Armour         | 1 |  1.0
Dodging        | |  1.5
Spellcasting   | |  1.0
Hexes          | |  2.6

Action                     |  1- 3 |  4- 6 |  7- 9 || total
---------------------------+-------+-------+-------++-------
   Fire: Sling             |   147 |   188 |   201 ||   536
    Use: Scroll            |     5 |     2 |     4 ||    11
 Armour: Robe              |     4 |       |       ||     4
         Ring mail         |    35 |    23 |       ||    58
         Animal skin       |       |    18 |    44 ||    62
  Dodge: Dodged            |    42 |    47 |    66 ||   155

Table legend:
 A = Non-vault XP
 B = Vault XP
 C = Vault XP percentage of total XP
 D = Non-vault monster count
 E = Vault monster count
 F = Vault count percentage of total count
                 A         B        C        D         E       F
            +---------+---------+-------+---------+---------+-------
      Total |     785 |     921 |  54.0 |      77 |      14 |  15.4
            +---------+---------+-------+---------+---------+-------
        D:1 |      27 |       0 |   0.0 |      14 |       0 |   0.0
        D:2 |      63 |       0 |   0.0 |      21 |       0 |   0.0
        D:3 |     152 |     280 |  64.8 |      20 |      13 |  39.4
        D:4 |     410 |       0 |   0.0 |      19 |       0 |   0.0
        D:5 |     133 |     641 |  82.8 |       3 |       1 |  25.0
            +---------+---------+-------+---------+---------+-------
